cohdb
Replays
Latest Replays
All Replays
Popular Replays
Top Player Replays
Match Explorer
How It Works
Community
CoH3 Stats
Reddit
Sign in to upload your games and track your stats! →
Sign in with Steam
Match 45546003
Unlisted
Match 45546003
Overview
Messages
Build Orders
End
Construct Barracks
Riflemen Squad
Riflemen Squad
Riflemen Squad
Grenade Package
Riflemen Squad
Mechanized Support Center
Construct Motor Pool
M3 75 mm Gun Motor Carriage
M3 75 mm Gun Motor Carriage
M3 75 mm Gun Motor Carriage
Selects Advanced Infantry Battlegroup
Selects Convert to Ranger Squad
Convert to Ranger Squad
Selects Designate Assault Position
Selects Ranger Weapon Training
Engineer Squad
1⁄4-ton 4x4 Truck
Convert to Ranger Squad
Designate Assault Position
Salvage Crew
Construct Tank Depot
Construct Medical Station
....
Ori
Alekel
PH0BB05
con_007
A Sassy Badger
Urge to Merge
Jimm-e
0
0
Comments
sign in to comment!
No comments posted yet!